 Dungeon Crawl Stone Soup version 0.19-a0-1672-g679cadd (webtiles) character file.

525 Amnesiac the Charlatan (level 7, -3/48 HPs)
             Began as a Mummy Artificer on Sept 22, 2016.
             Slain by Pikel
             ... wielding a +1 whip of electrocution
              (15 damage)
             ... on level 5 of the Dungeon on Sept 23, 2016.
             The game lasted 00:07:56 (3083 turns).

Amnesiac the Charlatan (Mummy Artificer)            Turns: 3083, Time: 00:07:57

Health: -3/48      AC:  6    Str: 15    XL:     7   Next: 2%
Magic:  21/21      EV: 12    Int: 10    God:
Gold:   258        SH:  0    Dex: 15    Spells: 1 memorised, 4 levels left

rFire  x . .     SeeInvis .     k - +1 mace (venom)
rCold  + . .     Gourm    .     b - +0 leather armour
rNeg   + + +     Faith    .     (no shield)
rPois  ∞         Spirit   .     g - +0 helmet
rElec  .         Dismiss  .     (no cloak)
rCorr  .         Reflect  .     f - +1 pair of gloves
MR     .....     Harm     .     (no boots)
Stlth  +.........               (no amulet)
                                (no ring)
                                o - ring of magical power

@: no status effects
A: no food or potions, fire vulnerability, cold resistance 1, negative energy
resistance 3, torment resistance, unbreathing
a: no special abilities


You were on level 5 of the Dungeon.
You were not hungry.

You visited 1 branch of the dungeon, and saw 5 of its levels.
You also visited: Sewer.

You collected 258 gold pieces.

Inventory:

Hand Weapons
 a - a +0 short sword
 k - a +1 mace of venom (weapon)
 t - a +0 dagger of flaming
Missiles
 q - 36 stones (quivered)
Armour
 b - a +0 leather armour (worn)
 f - a +1 pair of gloves (worn)
 g - a +0 helmet (worn)
 s - a +1 pair of gloves
Jewellery
 o - a ring of magical power (left hand)
 u - an uncursed ring of wizardry {unknown}
Wands
 c - a wand of flame (15/48)
 d - a wand of enslavement (13/24)
 e - a wand of random effects (6/48)
Scrolls
 h - 3 scrolls of teleportation {unknown}
 i - 3 scrolls of amnesia {unknown}
 j - a scroll of immolation {unknown}
 l - 2 scrolls of fog {unknown}
 m - a scroll of enchant weapon {unknown}
 r - 2 scrolls of noise {unknown}
 v - a scroll of remove curse {unknown}
 w - a scroll of fear {unknown}
Books
 p - a book of Geomancy

   Spells                             Type                      Level
   a - Sandblast                      Earth                        1
   b - Passwall                       Transmutation/Earth          2
   c - Stone Arrow                    Conjuration/Earth            3
   d - Petrify                        Transmutation/Earth          4
   e - Lee's Rapid Deconstruction     Earth                        5


   Skills:
 - Level 1.0 Fighting
 - Level 0.7 Short Blades
 - Level 1.5 Dodging
 - Level 0.7 Stealth
 + Level 6.7 Evocations


You had 4 spell levels left.
You knew the following spells:

 Your Spells              Type           Power        Failure   Level  Hunger
v - Passwall              Tmut/Erth      #.........   73%         2    N/A

Dungeon Overview and Level Annotations

Branches:
Dungeon (5/15)
 Temple: D:4-7

Altars:
Dithmenos

Shops:
D:4 [

Portals:
Ossuary: D:5

Annotations:
D:3 zkyp's ghost, amateur OpGl
D:4 braks's ghost, amateur HOMo
D:5 exclusion: centaur, Pikel


Innate Abilities, Weirdness & Mutations

You do not eat or drink.
Your flesh is vulnerable to fire.
You are immune to poison.
Your flesh is cold resistant. (rC+)
You are immune to negative energy. (rN+++)
You are immune to unholy pain and torment.
You can survive without breathing.


Message History

You closely miss Pikel.
Pikel is lightly wounded.
Pikel hits you with a whip of electrocution.
You hit Pikel.
Pikel is poisoned.
Pikel is lightly wounded.
Pikel drinks a potion.
Pikel is healed!
Pikel looks more healthy.
You hit Pikel but do no damage.
Pikel is poisoned.
Pikel hits you but does no damage.
You are electrocuted!
Pikel hits you with a whip of electrocution!
You are electrocuted!
* * * LOW HITPOINT WARNING * * *
Unknown command.
Throwing (i - inventory. (,) - cycle):
n - a throwing net (quivered)
Press: ? - help, Shift-Dir - straight line, f - Pikel
Aim: Pikel, wielding a whip of electrocution and wearing a robe (poisoned)
You throw a throwing net. The throwing net barely misses Pikel.
The throwing net hits the slave.
The slave is caught in the net!
The slave is lightly wounded.
Pikel hits you but does no damage.
You are electrocuted!
You die...

#....#.....# ....##.##..#
#....##.##.#.#####..##'..##
##....##.##.#.#.......#...#
......##..#.#.# ##...#.#
...p.p'.....#$# #####.###.#
...K.p###.#.#.# ..##.# #..
....# #...#.# #.##.# ####
... ##.p#.####.##.######.#
. #pp#@#...............
##p#K#.##.##.########
#>#p#.##.##.#
#######.#p#.##.##.#
.........p..##.##.#
#######.#.#.##.##.#
#.#.####.##.# #.#.# #.##.#
#.#.# #.#


You could see Pikel and 3 slaves.

Vanquished Creatures
  2 big kobolds (Sewer)
  A hound (D:5)
  An orc priest (D:5)
  2 orc wizards (D:5)
  A worker ant (D:4)
  A gnoll (D:1)
  12 adders
  An ooze (Sewer)
  5 worms
  A dart slug (D:4)
  3 leopard geckos
  3 orcs
  4 bats (D:1)
  5 giant cockroaches
  5 goblins
  6 hobgoblins
  2 quokkas
  8 ball pythons
  6 frilled lizards
  13 kobolds
  8 rats
90 creatures vanquished.

Vanquished Creatures (collateral kills)
  A scorpion (D:4)
1 creature vanquished.

Vanquished Creatures (others)
  An adder (D:4)
1 creature vanquished.

Grand Total: 92 creatures vanquished

Notes
Turn   | Place    | Note
-------+----------+-------------------------------------------
     0 | D:1      | Amnesiac the Mummy Artificer began the quest for the Orb.
     0 | D:1      | Reached XP level 1. HP: 15/15 MP: 2/2
    72 | D:1      | Reached XP level 2. HP: 17/21 MP: 4/4
   107 | D:1      | Reached skill level 3 in Evocations
   388 | D:1      | Reached XP level 3. HP: 10/26 MP: 5/5
   994 | D:3      | Noticed zkyp's ghost (amateur OpGl)
  1169 | D:2      | Reached skill level 4 in Evocations
  1250 | D:3      | Reached XP level 4. HP: 32/32 MP: 7/7
  1268 | D:3      | Learned a level 2 spell: Passwall
  1319 | D:4      | Found a shadowy altar of Dithmenos.
  1330 | D:4      | Noticed braks's ghost (amateur HOMo)
  1492 | D:4      | Found Wioxzoso's Antique Armour Emporium.
  1586 | D:4      | Found a glowing drain.
  1592 | Sewer    | Entered a sewer
  1599 | Sewer    | Reached XP level 5. HP: 14/37 MP: 8/8
  1903 | Sewer    | Reached skill level 5 in Evocations
  2111 | Sewer    | Reached XP level 6. HP: 35/43 MP: 10/10
  2297 | D:4      | Reached skill level 6 in Evocations
  2715 | D:5      | Entered Level 5 of the Dungeon
  2900 | D:5      | Reached XP level 7. HP: 46/48 MP: 12/12
  3021 | D:5      | Found a sand-covered staircase.
  3057 | D:5      | Noticed Pikel
  3083 | D:5      | Slain by Pikel

Vault maps used:
D:1:      dpeg_arrival_simpleton_c, grunt_decor_fettered, minmay_tromino_mix6
D:3:      first_bread
D:4:      serial_shops, shop, gup_sewer_entry_bubbles,
          nicolae_dithmenos_shadow_blocks
D:5:      enter_ossuary_5, uniq_pikel, uniq_blork_the_orc, uniq_eustachio
Sewer:    sewer_co_15_rooms

Skill      XL: |  1  2  3  4  5  6 |
---------------+-------------------+-----
Evocations     | 3 4 5 6 |  6.7
Fighting       | |  1.0
Short Blades   | |  0.7
Dodging        | |  1.5
Stealth        | |  0.7

Action                   |  1- 3 |  4- 6 |  7- 9 || total
-------------------------+-------+-------+-------++-------
Melee: Short sword       |   115 |       |       ||   115
       Mace              |    36 |   146 |    10 ||   192
Throw: Throwing net      |       |       |     1 ||     1
Evoke: Wand              |       |    11 |       ||    11
 Stab: Sleeping          |     1 |     2 |       ||     3
Armor: Leather armour    |    50 |    43 |     4 ||    97
Dodge: Dodged            |    96 |   111 |     4 ||   211
